 Dungeon Crawl Stone Soup version 0.30-a0-629-gd54f4be4f7 (webtiles) character file.

Game seed: 15756711996445604684

2602 Strat the Carver (level 9, 79/79 HPs)
             Began as an Armataur Warper on Jan 12, 2023.
             Was an Elder of Wu Jian.
             Quit the game on level 6 of the Dungeon.
             The game lasted 00:14:38 (6892 turns).

Strat the Carver (Armataur Warper)                  Turns: 6892, Time: 00:14:38

Health: 79/79      AC: 10    Str: 18    XL:     9   Next: 33%
Magic:  11/11      EV:  8    Int: 14    God:    Wu Jian [****..]
Gold:   292        SH:  0    Dex: 18    Spells: 11/11 levels left

rFire   . . .      SeeInvis .    a - +1 great sword
rCold   . . .      Faith    .    (shield currently unavailable)
rNeg    . . .      Spirit   .    o - +1 scale mail
rPois   .          Reflect  .    (no helmet)
rElec   .          Harm     .    m - +1 cloak
rCorr   .          Roll     +    (no gloves)
Will    .....                    (no barding) Stlth
                                 (no amulet)
HPRegen 0.33/turn                p - +6 ring of dexterity
MPRegen 0.12/turn                w - +4 ring of slaying

@: no status effects
A: large, rugged brown scales 3, deformed body, armoured tail, roll, long
tongue, awkward tongue
a: Renounce Religion, Wall Jump, Serpent's Lash


You were on level 6 of the Dungeon.
You worshipped Wu Jian.
Wu Jian was greatly pleased with you.
You visited 1 branch of the dungeon, and saw 6 of its levels.

You collected 292 gold pieces.

Inventory:

Hand Weapons
 a - a +1 great sword (weapon)
 b - a +0 sling
Missiles
 d - 6 boomerangs of dispersal
 e - 5 poisoned darts
 f - 5 javelins (quivered)
 x - 4 throwing nets
Armour
 m - a +1 cloak (worn)
 o - a +1 scale mail (worn)
Jewellery
 g - a ring of positive energy
 p - a +6 ring of dexterity (left hand)
 w - a +4 ring of slaying (right hand)
Wands
 l - a wand of flame (19)
 n - a wand of polymorph (10)
 v - a wand of paralysis (15)
Scrolls
 c - 4 scrolls of blinking
 s - 3 scrolls of teleportation
 t - a scroll of enchant weapon
 y - 2 scrolls of identify
 z - a scroll of silence {unknown}
 B - 4 scrolls of magic mapping {unknown}
 D - a scroll of poison {unknown}
Potions
 h - 3 potions of lignification
 i - a potion of haste
 j - a potion of attraction
 k - a potion of invisibility {unknown}
 q - 2 potions of flight
 r - 3 potions of berserk rage
 u - a potion of curing
 A - a potion of heal wounds
 C - 2 potions of might


   Skills:
 + Level 5.1 Fighting
 + Level 10.0 Long Blades
 - Level 0.8 Throwing
 + Level 5.2 Armour
 - Level 1.3 Dodging
 - Level 1.7 Spellcasting
 - Level 3.0 Translocations


You had 11 spell levels left.
You didn't know any spells.
Your spell library contained the following spells:

 Spells                   Type           Power      Damage    Failure   Level
 Blink                    Tloc           18%        N/A       30%         2
 Lesser Beckoning         Tloc           18%        N/A       52%         3
 Teleport Other           Tloc           9%         N/A       52%         3
 Static Discharge         Conj/Air       2%         2-3/arc   71%         2
 Portal Projectile        Hex/Tloc       10%        N/A       75%         3
 Vhi's Electric Charge    Tloc/Air       10%        N/A       75%         3
 Manifold Assault         Tloc           9%         N/A       90%         4
 Call Canine Familiar     Summ           1%         N/A       91%         3
 Dazzling Flash           Conj/Hex       2%         N/A       91%         3
 Iskenderun's Mystic Bla  Conj/Tloc      5%         2d3       98%         4
 Leda's Liquefaction      Hex/Erth       0%         N/A       100%        4
 Alistair's Intoxication  Tmut/Pois      0%         N/A       100%        5
 Arcjolt                  Conj/Air       0%         1d10      100%        5
 Borgnjor's Vile Clutch   Necr/Erth      0%         N/A       100%        5
 Lightning Bolt           Conj/Air       0%         1d11      100%        5
 Yara's Violent Unravell  Hex/Tmut       0%         3d3       100%        5
 Eringya's Noxious Bog    Tmut/Pois      0%         N/A       100%        6
 Starburst                Conj/Fire      0%         6d3       100%        6
 Enfeeble                 Hex            0%         N/A       100%        7


Dungeon Overview and Level Annotations

Branches:
Dungeon (6/15)             Temple (0/1) D:4

Altars:
Ashenzari
Gozag
Nemelex Xobeh
Wu Jian

Shops:
D:6 ?


Innate Abilities, Weirdness & Mutations

You are completely covered in rugged brown scales. (AC +3, +7% HP)
Armour fits poorly on your strangely shaped body.
You have a long armoured tail.
You roll when moving toward enemies. (Rampage)
Your long tongue fully drains potion bottles. (2x potion effects)
Your tongue gives you trouble enunciating. (1.5x scroll delay)


Message History

The water moccasin is severely wounded.
You feel sick.
The water moccasin bites you but does no damage.
The shadow imp barely misses you.
You hit the water moccasin. You tail-slap the water moccasin.
You kill the water moccasin!
The Council accepts your kill.
You feel sick. The shadow imp hits you.
Training target 10.0 for Long Blades reached!
Your Long Blades skill increases to level 10!
You need to enable at least one skill for training.
You slice the shadow imp!!
You kill the shadow imp!
The Council accepts your kill.
You feel sick.
No target in view!
No target in view!
You feel sick.
You feel sick.
You feel sick.
You are no longer poisoned.
A hound comes into view.
Found a scroll labelled EFOYJOLIUKH and 6 gold pieces.
The hound barks!
There is an entrance to Misaall's Magic Scroll Boutique here.
The hound bites you but does no damage.
You slice the hound!!
You kill the hound!
The Council accepts your kill.
No target in view!
No target in view!
No target in view!
There is an entrance to Misaall's Magic Scroll Boutique here.
D - a scroll labelled EFOYJOLIUKH You now have 292 gold pieces (gained 6).
You see here a +0 long sword.
C - 2 potions of might (gained 1) Done exploring.
Done exploring.
Are you sure you want to abandon this character and quit the game? (Confirm with "yes".)

### #.# #.#### #@...# #....#
###### ####.# ...).# ###....#
.....##### #.#.##.#
.........# #.#....####
.........#####.........#
.........##.........##.######
.........##.##....#....#....#


There were no monsters in sight!

Vanquished Creatures
  Sigmund (D:3)
  3 water moccasins
  Duvessa (D:6)
  An orc warrior (D:6)
  An ice beast (D:5)
  3 ogres
  A phantom (D:5)
  Blork the orc (D:6)
  A bullfrog (D:5)
  A necrophage (D:5)
  A scorpion (D:5)
  Dowan (D:6)
  A vampire bat (D:5)
  A centaur zombie (D:4)
  An orc priest (D:5)
  Crazy Yiuf (D:5)
  8 hounds
  4 jellies
  2 gnoll boudas
  4 iguanas
  A scorpion zombie (D:4)
  4 orc wizards
  A hound skeleton (D:4)
  10 gnolls
  11 adders
  2 shadow imps
  A white imp (D:4)
  3 ufetubi
  3 worms
  A dart slug (D:3)
  3 fire bats (D:5)
  18 orcs
  2 spectral bats (D:5)
  17 bats
  3 bat skeletons (D:5)
  A bat zombie (D:5)
  12 endoplasms
  4 giant cockroaches
  6 goblins
  5 hobgoblins
  6 kobolds
  4 quokkas
  6 ball pythons
  A bat simulacrum (D:5)
  4 frilled lizards
  2 quokka zombies (D:4)
  3 rats
172 creatures vanquished.

Vanquished Creatures (others)
  A withered plant (D:4)
1 creature vanquished.

Grand Total: 173 creatures vanquished

Notes
Turn   | Place    | Note
-------+----------+-------------------------------------------
     0 | D:1      | Strat the Armataur Warper began the quest for the Orb.
     0 | D:1      | Reached XP level 1. HP: 18/18 MP: 3/3
    63 | D:1      | Reached skill level 2 in Long Blades
   222 | D:1      | Reached XP level 2. HP: 25/25 MP: 4/4
   256 | D:1      | Found a faded altar of an unknown god.
   361 | D:1      | Reached skill level 3 in Long Blades
   736 | D:2      | Reached XP level 3. HP: 31/31 MP: 5/5
  1608 | D:3      | Reached skill level 4 in Long Blades
  1608 | D:3      | Reached XP level 4. HP: 4/38 MP: 6/6
  1924 | D:3      | Noticed Sigmund
  1965 | D:3      | Killed Sigmund
  1966 | D:3      | Reached skill level 5 in Long Blades
  1966 | D:3      | Reached XP level 5. HP: 43/43 MP: 7/7
  2301 | D:3      | Found a broken altar of Ashenzari.
  2494 | D:1      | Prayed at the altar of an unknown god.
  2494 | D:1      | Became a worshipper of the Wu Jian Council
  2494 | D:1      | Reached * piety under Wu Jian
  2617 | D:4      | Reached XP level 6. HP: 47/51 MP: 8/8
  2653 | D:4      | Found a staircase to the Ecumenical Temple.
  2697 | D:4      | Found a sparkling altar of Nemelex Xobeh.
  3572 | D:4      | Reached ** piety under Wu Jian
  3799 | D:5      | Entered Level 5 of the Dungeon
  3823 | D:5      | Reached skill level 6 in Long Blades
  3823 | D:5      | Reached XP level 7. HP: 39/56 MP: 9/9
  3848 | D:5      | Reached skill level 5 in Armour
  4248 | D:5      | Reached skill level 7 in Long Blades
  4567 | D:5      | Reached skill level 8 in Long Blades
  4567 | D:5      | Reached XP level 8. HP: 50/64 MP: 10/10
  4721 | D:5      | Found a runed translucent door.
  4722 | D:5      | Noticed Crazy Yiuf
  4727 | D:5      | Killed Crazy Yiuf
  4840 | D:5      | Reached *** piety under Wu Jian
  5575 | D:5      | Reached skill level 9 in Long Blades
  5951 | D:6      | Noticed Blork the orc
  5969 | D:6      | Killed Blork the orc
  6034 | D:6      | Found an opulent altar of Gozag.
  6082 | D:6      | Reached XP level 9. HP: 74/77 MP: 11/11
  6402 | D:6      | Noticed Duvessa
  6422 | D:6      | Noticed Dowan
  6428 | D:6      | Killed Duvessa
  6429 | D:6      | Reached skill level 5 in Fighting
  6492 | D:6      | Killed Dowan
  6616 | D:6      | Reached **** piety under Wu Jian
  6716 | D:6      | Found Misaall's Magic Scroll Boutique.
  6732 | D:6      | Reached skill level 10 in Long Blades
  6892 | D:6      | Quit the game

Illustrated notes

Levels and vault maps discovered:
D:1:      heliophobic_arrival_battle_scene, layout_rooms,
          hellmonk_ecumenical_altar_zigzags, kennysheep_nondescript, nrook_uturn
D:2:      layout_basic
D:3:      layout_basic, mainiacjoe_overflow_surrounded_room, uniq_sigmund
D:4:      layout_basic, nemelex_altar_shiori, minmay_temple_entry_glass,
          serial_undead, serial_undead_c, serial_undead_c, serial_undead_a,
          serial_undead_d, serial_undead_f, serial_undead_e, minivault_23,
          minivault_25
D:5:      minmay_thinvault, layout_layer_cave, goddamned_bats,
          uniq_crazy_yiuf_cottage
D:6:      layout_basic, grunt_gozag_statues, minmay_misc_feat_x,
          minmay_shop_grid_forest, uniq_blork_the_orc, uniq_duvessa

Skill      XL: |  1  2  3  4  5  6  7  8  9 |
---------------+----------------------------+-----
Long Blades    | 2 3 4 5 6 8 9 10 | 10.0
Armour         | 2 4 5 |  5.2
Fighting       | 4 5 |  5.1
Throwing       | |  0.8
Dodging        | |  1.3
Spellcasting   | |  1.7
Translocations | |  3.0

Action                   |  1- 3 |  4- 6 |  7- 9 || total
-------------------------+-------+-------+-------++-------
Melee: Falchion          |   132 |    31 |       ||   163
       Tailslap          |    15 |    13 |    28 ||    56
       Punch             |       |     1 |       ||     1
       Great sword       |       |    98 |   274 ||   372
 Fire: Sling             |    39 |    14 |     3 ||    56
Throw: Dart              |       |     5 |       ||     5
       Boomerang         |       |     1 |       ||     1
Invok: Whirlwind         |       |       |     4 ||     4
Evoke: Wand              |       |     2 |     4 ||     6
  Use: Potion            |     1 |     4 |     4 ||     9
       Scroll            |       |     9 |     3 ||    12
 Stab: Paralysed         |       |       |     5 ||     5
Armor: Leather armour    |    53 |       |       ||    53
       Skin              |     6 |    21 |       ||    27
       Scale mail        |       |    68 |   212 ||   280
Dodge: Dodged            |    76 |    51 |   137 ||   264

Table legend: (Time is in decaauts)
 A = Elapsed time spent in this place.
 B = Non-inter-level travel time spent in this place.
 C = Inter-level travel time spent in this place.
 D = Time resting spent in this place.
 E = Time spent auto-exploring this place.
 F = Levels seen in this place.
 G = Mean time per level.
                   A        B        C        D        E       F      G
               +--------+--------+--------+--------+--------+-----+--------+
         Total |   7055 |   6679 |    376 |   1050 |   3949 |   6 | 1175.8 |
       Dungeon |   7055 |   6679 |    376 |   1050 |   3949 |   6 | 1175.8 |
               +--------+--------+--------+--------+--------+-----+--------+

Top non-repeatable levels by time:
     D:5: 2218 daAuts
     D:3: 1143 daAuts
     D:4: 1114 daAuts
     D:6: 953 daAuts
     D:2: 861 daAuts
     D:1: 762 daAuts
